 Dungeon Crawl Stone Soup version 0.27-a0-1590-g15f69828bf (webtiles) character file.

Game seed: 16237646797662372709

186 Sabo the Chopper (level 5, -6/41 HPs)
             Began as a Demonspawn Gladiator on July 18, 2021.
             Was a Believer of Makhleb.
             Killed by nerve-wracking pain
             ... invoked by Grinder
              (11 damage)
             ... on level 3 of the Dungeon.
             The game lasted 00:14:37 (2918 turns).

Sabo the Chopper (Demonspawn Gladiator)             Turns: 2918, Time: 00:14:38

Health: -6/41      AC: 17    Str: 15    XL:     5   Next: 38%
Magic:  5/5        EV: 10    Int:  9    God:    Makhleb [**....]
Gold:   104        SH:  0    Dex: 15    Spells: 4/4 levels left

rFire    . . .     SeeInvis .   a - +0 war axe
rCold    . . .     Faith    .   (no shield)
rNeg     . . .     Spirit   .   b - +0 scale mail
rPois    .         Reflect  .   (helmet restricted)
rElec    .         Harm     .   i - +1 cloak
rCorr    .         Rampage  .   o - +2 pair of gloves
Will     .....                  (no boots)
Stlth    ..........             (no amulet)
HPRegen  0.13/turn              (no ring)
MPRegen  0.09/turn              (no ring)

@: sanguine armoured
A: horns 1, sanguine armour 1
a: Renounce Religion, Minor Destruction


You were on level 3 of the Dungeon.
You worshipped Makhleb.
Makhleb was pleased with you.
You visited 1 branch of the dungeon, and saw 3 of its levels.

You collected 104 gold pieces.

Inventory:

Hand Weapons
 a - a +0 war axe (weapon)
 h - a +0 hunting sling
Missiles
 c - 66 arrows
 d - 3 throwing nets (quivered)
 j - 53 bolts
Armour
 b - a +0 scale mail (worn)
 i - a +1 cloak (worn)
 o - a +2 pair of gloves (worn)
Wands
 k - a wand of polymorph (9)
Scrolls
 e - 3 scrolls of teleportation
 l - a scroll of magic mapping {unknown}
 m - 2 scrolls of blinking
 n - a scroll of identify
Potions
 f - a potion of curing {unknown}
 g - a potion of attraction {unknown}


   Skills:
 + Level 3.0 Fighting
 + Level 4.0 Axes
 + Level 1.8 Throwing
 + Level 1.6 Armour
 + Level 3.5 Dodging
 + Level 0.2 Stealth


You had 4 spell levels left.
You didn't know any spells.
Your spell library contained the following spells:

 Spells                   Type           Power      Damage    Failure   Level
 Teleport Other           Tloc           0%         N/A       99%         3
 Passage of Golubria      Tloc           N/A        N/A       100%        4
 Malign Gateway           Summ/Tloc      0%         N/A       100%        7


Dungeon Overview and Level Annotations

Branches:
Dungeon (3/15)

Altars:
Makhleb

Shops:
D:1 [

Annotations:
D:3 Grinder


Innate Abilities, Weirdness & Mutations

You have a pair of small horns on your head.
When seriously injured, your bleeding wounds create armour. (AC +6)


Message History

You kill the endoplasm!
Makhleb accepts your kill.
Grinder blinks!
Grinder blinks!
There is an open door here.
You hit the endoplasm. You headbutt the endoplasm.
You kill the endoplasm!
Makhleb accepts your kill.
You feel better. Grinder gestures at you.
You suddenly lose the ability to move!
Grinder gestures at you. Pain shoots through your body!
Grinder gestures at you. Pain shoots through your body!
Your blood congeals into armour.
Grinder hits you.
You can move again.
You slash Grinder!
Grinder is moderately wounded.
Grinder gestures at you. You resist with significant effort.
You slash Grinder!
Grinder is heavily wounded.
Grinder gestures at you.
You shrug off the repeated paralysis!
You closely miss Grinder.
Grinder is heavily wounded.
Grinder hits you but does no damage. Grinder hits you.
You writhe in agony.
* * * LOW HITPOINT WARNING * * *
You slash Grinder!
Grinder is severely wounded.
Grinder gestures at you. Pain shoots through your body!
* * * LOW HITPOINT WARNING * * *
You closely miss Grinder. You headbutt Grinder.
Grinder is severely wounded.
Grinder blinks!
Grinder gestures at you. Pain shoots through your body!
You die...

#...# ##########...# #..... ..
.............####.... ...
............#.......##... #
............# ........... .....
............# J.......... .....
'##.........# ..........####...
.##.........#####................
.......>........@................
..........#######5...............
.................................
.................................
.......#.........................
.......####......................
.......####......................
...................##............
...................##...........)


You could see Grinder.

Vanquished Creatures
  A hound (D:3)
  A jelly (D:3)
  An iguana (D:2)
  3 adders
  A shadow imp (D:3)
  An ufetubus (D:3)
  An adder zombie (D:3)
  2 dart slugs
  4 orcs (D:3)
  5 ball pythons
  7 bats
  6 endoplasms
  4 giant cockroaches
  2 goblins
  3 hobgoblins
  2 jackals (D:3)
  4 kobolds
  A frilled lizard (D:3)
  4 rats
53 creatures vanquished.

Notes
Turn   | Place    | Note
-------+----------+-------------------------------------------
     0 | D:1      | Sabo the Demonspawn Gladiator began the quest for the Orb.
     0 | D:1      | Reached XP level 1. HP: 16/16 MP: 1/1
    15 | D:1      | Got the Almanac of Dislocation
   362 | D:1      | Found Otuupput's Antique Armour Emporium.
   368 | D:1      | You fall into a shaft and drop 1 floor!
   371 | D:2      | Noticed an iguana
   383 | D:1      | Gained mutation: You have a pair of small horns on your
                  | head. [demonic ancestry]
   383 | D:1      | Reached XP level 2. HP: 19/22 MP: 2/2
   929 | D:2      | Reached skill level 3 in Axes
   929 | D:2      | Reached XP level 3. HP: 17/28 MP: 3/3
  1111 | D:2      | Found a faded altar of an unknown god.
  1128 | D:2      | Became a worshipper of Makhleb the Destroyer
  1128 | D:2      | Reached * piety under Makhleb
  1579 | D:2      | Gained mutation: When seriously injured, your bleeding
                  | wounds create armour. (AC +6) [demonic ancestry]
  1579 | D:2      | Reached XP level 4. HP: 23/34 MP: 4/4
  2001 | D:3      | Reached skill level 1 in Armour
  2164 | D:3      | Reached XP level 5. HP: 39/39 MP: 5/5
  2219 | D:3      | Reached skill level 4 in Axes
  2722 | D:3      | Reached ** piety under Makhleb
  2891 | D:3      | Noticed Grinder
  2907 | D:3      | Paralysed by Grinder for 5 turns
  2918 | D:3      | Killed from afar by Grinder

Illustrated notes

Levels and vault maps discovered:
D:1:      dpeg_arrival_boxorama, layout_loops_ring, serial_shops,
          nicolae_shop_temple_entry_statues_fountains
D:2:      layout_loops_cross, hellmonk_ecumenical_altar_heavens_door,
          minmay_box_of_dots
D:3:      minmay_inner_zag, layout_basic, uniq_grinder

Skill      XL: |  1  2  3  4  5 |
---------------+----------------+-----
Dodging        | 3 |  3.5
Axes           | 3 4 |  4.0
Armour         | 1 |  1.6
Fighting       | 3 |  3.0
Throwing       | |  1.8
Stealth        | |  0.2

Action                   |  1- 3 |  4- 6 || total
-------------------------+-------+-------++-------
Melee: War axe           |    59 |    72 ||   131
       Headbutt          |     7 |    11 ||    18
  Use: Scroll            |       |     4 ||     4
Armor: Ring mail         |    28 |     6 ||    34
       Scale mail        |       |    31 ||    31
Dodge: Dodged            |    40 |    36 ||    76

Table legend: (Time is in decaauts)
 A = Elapsed time spent in this place.
 B = Non-inter-level travel time spent in this place.
 C = Inter-level travel time spent in this place.
 D = Time resting spent in this place.
 E = Time spent auto-exploring this place.
 F = Levels seen in this place.
 G = Mean time per level.
                   A        B        C        D        E       F      G
               +--------+--------+--------+--------+--------+-----+--------+
         Total |   2961 |   2961 |      0 |    619 |      0 |   3 |  987.0 |
       Dungeon |   2961 |   2961 |      0 |    619 |      0 |   3 |  987.0 |
               +--------+--------+--------+--------+--------+-----+--------+

Top non-repeatable levels by time:
     D:2: 1021 daAuts
     D:3: 1015 daAuts
     D:1: 925 daAuts
